 Dungeon Crawl Stone Soup version 0.29-a0-422-gafbd6decc1 (webtiles) character file.

Game seed: 18027721736423856587

186 Snarg the Insei (level 5, -1/36 HPs)
             Began as an Octopode Transmuter on May 18, 2022.
             Splashed by a jelly's acid (4 damage)
             ... on level 5 of the Dungeon.
             The game lasted 00:10:21 (3357 turns).

Snarg the Insei (Octopode Transmuter)               Turns: 3357, Time: 00:10:23

Health: -1/36      AC: -19   Str: 12    XL:     5   Next: 66%
Magic:  7/8        EV: 13    Int: 15    God:
Gold:   236        SH:  0    Dex: 12    Spells: 5/8 levels left

rFire   . . .      SeeInvis +     - Unarmed
rCold   . . .      Faith    .   (no shield)
rNeg    . . .      Spirit   .   (helmet currently unavailable)
rPois   .          Reflect  .   (no amulet)
rElec   .          Harm     .   l - ring of see invisible
rCorr   .          Rampage  .   (no ring)
Will    .....                   (no ring)
Stlth   +++.......              (no ring)
HPRegen 0.12/turn               (no ring)
MPRegen 0.11/turn               (no ring)
                                (no ring)
                                (no ring)

@: appendages (expiring), corroded
A: tentacle spike 3, almost no armour, amphibious, 8 rings, camouflage 1,
gelatinous body 1, (nimble swimmer 1), tentacles
a: End Transformation


You were on level 5 of the Dungeon.
One of your tentacles had grown a beastly spike.
You visited 1 branch of the dungeon, and saw 5 of its levels.

You collected 236 gold pieces.

Inventory:

Hand Weapons
 b - a +0 long sword
 f - a +6 dagger of venom
 j - a +2 short sword of freezing
Missiles
 c - 74 stones (quivered)
 e - 4 javelins
Jewellery
 l - a ring of see invisible (left tentacle)
Scrolls
 g - 2 scrolls of teleportation
 n - a scroll of enchant armour {unknown}
 o - a scroll of blinking {unknown}
 p - a scroll of magic mapping {unknown}
 q - a scroll of enchant weapon {unknown}
 r - a scroll of poison
Potions
 a - a potion of lignification
 d - a potion of resistance {unknown}
 h - 2 potions of flight
 i - a potion of heal wounds {unknown}
 k - a potion of haste {unknown}
 m - 2 potions of might


   Skills:
 * Level 2.9 Fighting
 + Level 1.6 Throwing
 + Level 2.2 Dodging
 + Level 1.3 Stealth
 + Level 4.2 Unarmed Combat
 - Level 2.0 Spellcasting
 + Level 2.8 Transmutations


You had 5 spell levels left.
You knew the following spells:

 Your Spells              Type           Power      Damage    Failure   Level
a - Beastly Appendage     Tmut           20%        N/A       7%          1
b - Wereblood             Tmut           10%        N/A       11%         2

Your spell library contained the following spells:

 Spells                   Type           Power      Damage    Failure   Level
 Spider Form              Tmut/Pois      5%         N/A       36%         3
 Ice Form                 Ice/Tmut       5%         N/A       77%         4


Dungeon Overview and Level Annotations

Branches:
Dungeon (5/15)
 Temple: D:4-7

Altars:
Fedhas
Nemelex Xobeh
Sif Muna

Annotations:
D:1 clr
D:2 clr
D:3 clr
D:4 Menkaure
D:5 exclusion: black bear


Innate Abilities, Weirdness & Mutations

One of your tentacles has grown a beastly spike.
You cannot wear most types of armour.
You are amphibious.
You can wear up to eight rings at the same time.
Your skin changes colour to match your surroundings (Stealth+).
Your rubbery body absorbs attacks. (AC +1, EV +1)
((You are camouflaged when in or above water. (Stealth+)))
You have tentacles for arms and can constrict up to eight enemies at once.


Message History

You tentacle-slap the quokka.
You kill the quokka!
No target in view!
A black bear comes into view.
Press: ? - help, v - describe, . - travel
Here: a black bear (asleep)
The floor.
Placed new exclusion.
Unknown command.
There is an escape hatch in the floor here.
A jelly comes into view.
You throw a stone. The stone hits the jelly.
The jelly quivers.
The jelly is lightly wounded.
You throw a stone. The stone barely misses the jelly.
Casting: Beastly Appendage (safe; 7% risk of failure)
Confirm with . or Enter, or press ? or * to list all spells.
One of your tentacles grows a vicious spike.
You throw a stone. The stone barely misses the jelly.
You tentacle-slap the jelly.
Your tentacles burn!
Your tentacle spike misses the jelly.
The jelly is moderately wounded.
You tentacle-slap the jelly. The acid corrodes you!
Your tentacles burn!
You pierce the jelly.
The jelly is heavily wounded.
The jelly hits you. The acid corrodes you!
You are splashed with acid!
You tentacle-slap the jelly but do no damage.
The acid corrodes you!
Your tentacles burn!
The jelly is heavily wounded.
Your transformation is almost over.
The jelly hits you. The acid corrodes you!
You are splashed with acid!
* * * LOW HITPOINT WARNING * * *
You tentacle-slap the jelly but do no damage.
Your tentacles burn!
* * * LOW HITPOINT WARNING * * *
The jelly is heavily wounded.
The jelly hits you.
* * * LOW HITPOINT WARNING * * *
The acid corrodes you!
You are splashed with acid.
You die...

.
#.....##....<....#
#
#.#..####..(....##
# #.#.## ####..###
..# ##.#># #(#
#...##....# .#
#.......# .
####..#.# #
###..#.# #...@#.#
#.##J#.. ... #.###
#.. .!. #.# ... ..
(..## ...# .(..#


You could see a jelly.

Vanquished Creatures
  A hound (D:3)
  Jessica (D:2)
  5 adders
  2 worms (D:2)
  3 dart slugs
  2 orcs
  7 ball pythons
  8 endoplasms
  6 giant cockroaches
  4 hobgoblins
  2 jackals (D:1)
  8 quokkas
  3 bats (D:2)
  4 frilled lizards (D:1)
  5 goblins
  6 kobolds
  5 rats
72 creatures vanquished.

Notes
Turn   | Place    | Note
-------+----------+-------------------------------------------
     0 | D:1      | Snarg the Octopode Transmuter began the quest for the Orb.
     0 | D:1      | Reached XP level 1. HP: 13/13 MP: 3/3
   170 | D:1      | Reached XP level 2. HP: 13/18 MP: 3/5
   173 | D:1      | Learned a level 2 spell: Wereblood
   474 | D:1      | Reached XP level 3. HP: 18/24 MP: 6/6
  1286 | D:2      | Noticed Jessica
  1293 | D:2      | Killed Jessica
  1294 | D:2      | Reached skill level 1 in Throwing
  1294 | D:2      | Reached XP level 4. HP: 20/29 MP: 5/7
  1579 | D:2      | You fall into a shaft and drop 2 floors!
  2168 | D:3      | Reached skill level 4 in Unarmed Combat
  2168 | D:3      | Reached XP level 5. HP: 34/35 MP: 8/8
  2185 | D:3      | Found a blossoming altar of Fedhas.
  2208 | D:3      | Found a sparkling altar of Nemelex Xobeh.
  2386 | D:3      | Reached skill level 1 in Stealth
  2652 | D:3      | Found a shimmering blue altar of Sif Muna.
  3028 | D:4      | Identified the +0 plate armour of the Bagpipe {+Blink rC+
                  | rN+}
  3183 | D:4      | Noticed Menkaure
  3270 | D:5      | Entered Level 5 of the Dungeon
  3334 | D:5      | Noticed a black bear
  3357 | D:5      | Splashed by a jelly's acid

Illustrated notes

Levels and vault maps discovered:
D:1:      ncdulo_watergridlock, layout_rooms
D:2:      layout_loops_ring, kennysheep_generic_room_6, uniq_jessica
D:3:      layout_loops_ring, nemelex_xobeh_ov_fountains_minmay, fedhas_altar_1,
          mainiacjoe_overflow_paths
D:4:      nicolae_cairo_tiling_very_big, layout_loops_ring,
          mainiacjoe_overflow_alcove_1, uniq_menkaure
D:5:      layout_rooms, old_standard_altar

Skill      XL: |  1  2  3  4  5 |
---------------+----------------+-----
Fighting       | 2 |  2.9
Throwing       | 1 |  1.6
Unarmed Combat | 4 |  4.2
Stealth        | 1 |  1.3
Dodging        | |  2.2
Spellcasting   | |  2.0
Transmutations | |  2.8

Action                   |  1- 3 |  4- 6 || total
-------------------------+-------+-------++-------
Melee: Unarmed           |    67 |    73 ||   140
       Constrict         |    22 |    17 ||    39
       Kick              |    13 |    13 ||    26
       Tentacles         |    11 |    13 ||    24
       Punch             |     2 |     2 ||     4
Throw: Stone             |    65 |    36 ||   101
       Javelin           |       |     1 ||     1
 Cast: Beastly Appendage |    17 |    17 ||    34
       Wereblood         |     4 |     2 ||     6
  Use: Scroll            |       |     7 ||     7
 Stab: Sleeping          |       |     7 ||     7
Armor: Skin              |     1 |     4 ||     5
Dodge: Dodged            |    31 |    28 ||    59

Table legend: (Time is in decaauts)
 A = Elapsed time spent in this place.
 B = Non-inter-level travel time spent in this place.
 C = Inter-level travel time spent in this place.
 D = Time resting spent in this place.
 E = Time spent auto-exploring this place.
 F = Levels seen in this place.
 G = Mean time per level.
                   A        B        C        D        E       F      G
               +--------+--------+--------+--------+--------+-----+--------+
         Total |   3356 |   3226 |    130 |    254 |   2212 |   5 |  671.2 |
       Dungeon |   3356 |   3226 |    130 |    254 |   2212 |   5 |  671.2 |
               +--------+--------+--------+--------+--------+-----+--------+

Top non-repeatable levels by time:
     D:1: 1014 daAuts
     D:3: 861 daAuts
     D:2: 803 daAuts
     D:4: 590 daAuts
     D:5: 86 daAuts
